 Dungeon Crawl Stone Soup version 0.25.1-8-g42b30a86e7 (webtiles) character file.

Game seed: 9002748385690685149

24 crix the Magician (level 2, -7/15 HPs)
             Began as a Deep Elf Wizard on Dec 10, 2020.
             Mangled by Terence
             ... wielding a +0 flail
              (8 damage)
             ... on level 3 of the Dungeon.
             The game lasted 00:08:12 (2692 turns).

crix the Magician (Deep Elf Wizard)                 Turns: 2692, Time: 00:08:13

Health: -7/15      AC:  2    Str:  4    XL:     2   Next: 79%
Magic:  6/10       EV: 13    Int: 22    God:
Gold:   56         SH:  0    Dex: 13    Spells: 6/11 levels left

rFire    . . .     SeeInvis .   c - +0 short sword
rCold    . . .     Gourm    .   (no shield)
rNeg     . . .     Faith    .   a - +0 robe
rPois    .         Spirit   .   b - +0 hat
rElec    .         Reflect  .   (no cloak)
rCorr    .         Harm     .   (no gloves)
MR       .....                  (no boots)
Stlth    ++........             (no amulet)
HPRegen  0.05/turn              (no ring)
MPRegen  0.12/turn              (no ring)

@: no status effects
A: no striking features
a: no special abilities


You were on level 3 of the Dungeon.
You were very hungry.

You visited 1 branch of the dungeon, and saw 3 of its levels.

You collected 56 gold pieces.

Inventory:

Hand Weapons
 c - a +0 short sword (weapon)
Missiles
 g - 10 stones (quivered)
Armour
 a - a +0 robe (worn)
 b - a +0 hat (worn)
Scrolls
 f - 2 scrolls of fear {unknown}
Potions
 e - a potion of curing {unknown}
Comestibles
 d - 3 rations


   Skills:
 + Level 3.0 Dodging
 - Level 2.4 Stealth
 + Level 5.2 Spellcasting
 * Level 1.5 Conjurations
 + Level 0.1 Hexes
   Level 1.1 Summonings
 + Level 1.1 Translocations


You had 6 spell levels left.
You knew the following spells:

 Your Spells              Type           Power        Failure   Level  Hunger
a - Magic Dart            Conj           ##..         5%          1    None
b - Blink                 Tloc           N/A          10%         2    None
c - Slow                  Hex            #.......     14%         2    None

Your spell library contained the following spells:

 Spells                   Type           Power        Failure   Level  Hunger
 Call Imp                 Summ           ##......     10%         2    None
 Conjure Flame            Conj/Fire      #.......     22%         3    ##.....
 Mephitic Cloud           Conj/Pois/Air  #.......     24%         3    ##.....


Dungeon Overview and Level Annotations

Branches:
Dungeon (3/15)

Altars:

Annotations:
D:3 Terence


Message History

Terence is moderately wounded.
Terence hits you but does no damage.
Casting: Slow (safe; 14% risk of failure)
Confirm with . or Enter, or press ? or * to list all spells.
You don't know that spell.
Casting: Slow (safe; 14% risk of failure)
Confirm with . or Enter, or press ? or * to list all spells.
Aiming: Slow (safe; 14% risk of failure)
Press: ? - help, Shift-Dir - straight line, f/p - Terence
Aim: Terence, wielding a +0 flail and wearing a +0 chain mail (moderately wounded, chance to defeat MR: 50%) Terence seems to slow down.
You hit Terence but do no damage.
Terence is moderately wounded.
Terence hits you with a +0 flail.
* * * LOW HITPOINT WARNING * * *
You barely miss Terence.
Terence is moderately wounded.
Terence hits you with a +0 flail!
Ouch! That really hurt!
You die...

.......
.......
.......
.......
.......
.......
.......#######
.......'@@..<#
..#....#######
#.... #....
.@.... .......
.......
....###


You could see Terence (slow).

Vanquished Creatures
  A dart slug (D:2)
  2 leopard geckos
  7 bats (D:1)
  2 goblins
  A hobgoblin (D:1)
  A frilled lizard (D:1)
  2 kobolds
  4 rats
20 creatures vanquished.

Notes
Turn   | Place    | Note
-------+----------+-------------------------------------------
     0 | D:1      | crix the Deep Elf Wizard began the quest for the Orb.
     0 | D:1      | Reached XP level 1. HP: 10/10 MP: 7/7
   818 | D:1      | Reached XP level 2. HP: 8/15 MP: 9/9
   952 | D:1      | Learned a level 2 spell: Blink
   955 | D:1      | Learned a level 2 spell: Slow
   962 | D:1      | Reached skill level 5 in Spellcasting
  2669 | D:3      | Noticed Terence
  2692 | D:3      | Mangled by Terence

Illustrated notes

Levels and vault maps discovered:
D:1:      lightli_arrival_statuegarden, layout_basic
D:2:      layout_basic, nicolae_ashenzari_panopticon, minmay_tripent
D:3:      layout_basic, first_ration, uniq_robin, uniq_terence, uniq_jessica,
          uniq_sigmund

Skill      XL: |  1  2 |
---------------+-------+-----
Spellcasting   | 5 |  5.2
Dodging        | 3 |  3.0
Stealth        | |  2.4
Conjurations   | |  1.5
Hexes          | |  0.1
Summonings     | |  1.1
Translocations | |  1.1

Action                   || total
-------------------------++-------
Melee: Short sword       ||   134
 Cast: Slow              ||    10
       Blink             ||     2
 Stab: Sleeping          ||     5
  Eat: Ration            ||     1
       Chunk             ||     1
Armor: Robe              ||    36
Dodge: Dodged            ||   102
